 Dungeon Crawl Stone Soup version 0.23.2 (webtiles) character file.

Game seed: 16831898997464939443

269 sanboga the Chopper (level 6, -6/39 HPs)
             Began as a Gargoyle Berserker on Apr 3, 2019.
             Was a Believer of Trog.
             Mangled by a gnoll
             ... wielding a +0 antimagic whip
              (9 damage)
             ... on level 4 of the Dungeon.
             The game lasted 00:04:29 (2356 turns).

sanboga the Chopper (Gargoyle Berserker)            Turns: 2356, Time: 00:04:30

Health: -6/39      AC:  6    Str: 23    XL:     6   Next: 22%
Magic:  0/6        EV: 12    Int:  7    God:    Trog [**....]
Gold:   143        SH:  0    Dex:  9    Spells: 5/5 levels left

rFire    . . .     SeeInvis .   i - +0 war axe
rCold    . . .     Gourm    .   (no shield)
rNeg     + . .     Faith    .   b - +0 animal skin
rPois    ∞         Spirit   .   (no helmet)
rElec    +         Reflect  .   (no cloak)
rCorr    .         Harm     .   (no gloves)
MR       .....                  (no boots)
Stlth    +.........             (no amulet)
HPRegen  0.13/turn              (no ring)
MPRegen  0.10/turn              (no ring)

@: berserk cooldown, hasted, very quick
A: negative energy resistance 1, electricity resistance, unbreathing,
petrification resistance, rot immunity, AC +4
a: Berserk, Trog's Hand, Renounce Religion


You were on level 4 of the Dungeon.
You worshipped Trog.
Trog was pleased with you.
You were not hungry.

You visited 1 branch of the dungeon, and saw 4 of its levels.

You collected 143 gold pieces.

Inventory:

Hand Weapons
 i - a +0 war axe (weapon)
 l - a +0 battleaxe
Armour
 b - a +0 animal skin (worn)
Wands
 g - a wand of scattershot (6)
Scrolls
 a - 2 scrolls of remove curse
 d - a scroll of enchant weapon
 f - a scroll of teleportation
Comestibles
 c - 6 rations
 j - 4 chunks of flesh


   Skills:
 + Level 4.6 Fighting
 * Level 4.8 Axes
 + Level 3.9 Armour
 - Level 1.5 Dodging


You had 5 spell levels left.
You didn't know any spells.
Your spell library was empty.

Dungeon Overview and Level Annotations

Branches:
Dungeon (4/15)
 Temple: D:4-7

Altars:
Hepliaklqana
Xom
Yredelemnul


Innate Abilities, Weirdness & Mutations

You are resistant to torment.
Your stone body is resilient. (AC +4)
You are immune to poison.
You resist negative energy. (rN+)
You are resistant to electric shocks. (rElec)
You can survive without breathing.
You are immune to petrification.
You are immune to rotting.


Message History

You are too injured to fight recklessly!
You are too injured to fight recklessly!
You are too injured to fight recklessly!
You are too injured to fight recklessly!
The gnoll hits you with a +0 antimagic whip.
* * * LOW HITPOINT WARNING * * *
The gnoll hits you from afar with a +0 spear.
* * * LOW HITPOINT WARNING * * *
You barely miss the gnoll.
The gnoll is almost dead.
You feel yourself speed up. The gnoll closely misses you.
The gnoll barely misses you. The gnoll closely misses you. x2
The gnoll hits you from afar with a +0 spear.
* * * LOW HITPOINT WARNING * * *
A jackal comes into view.
Okay, then.
You feel yourself speed up.
The gnoll hits you with a +0 antimagic whip!
You die...

#^...###.#. #_^.^'...#.
##########.^.^##..#<
#......)##^#^###....
#.......###### #....
#######.......########.###
................'......#
.......g...†...(########
######hgg@..(...#
#h########## #.. #.. #.h
#.. #.. #..


You could see 3 gnolls and 2 jackals.

Vanquished Creatures
  A phantom (D:4)
  An orc priest (D:3)
  An orc wizard (D:4)
  5 adders
  A gnoll (D:4)
  An ooze (D:3)
  A dart slug (D:2)
  4 leopard geckos
  11 orcs
  2 ball pythons (D:4)
  A giant cockroach (D:2)
  2 goblins (D:2)
  5 hobgoblins
  3 quokkas
  6 bats
  A frilled lizard (D:1)
  10 rats (D:1)
  A spectral orc (D:4)
57 creatures vanquished.

Notes
Turn   | Place    | Note
-------+----------+-------------------------------------------
     0 | D:1      | sanboga the Gargoyle Berserker began the quest for the Orb.
     0 | D:1      | Reached XP level 1. HP: 14/14 MP: 1/1
   370 | D:1      | Reached XP level 2. HP: 18/19 MP: 2/2
   639 | D:2      | Reached XP level 3. HP: 13/23 MP: 3/3
  1120 | D:2      | Found an iron altar of Okawaru.
  1122 | D:2      | Found a shimmering altar of Xom.
  1122 | D:2      | Found a radiant altar of Vehumet.
  1124 | D:2      | Found a glowing golden altar of the Shining One.
  1124 | D:2      | Found an ornate altar of the Wu Jian Council.
  1124 | D:2      | Found a blossoming altar of Fedhas.
  1338 | D:3      | Reached ** piety under Trog
  1338 | D:3      | Reached XP level 4. HP: 28/29 MP: 4/4
  1495 | D:3      | Found a hazy altar of Hepliaklqana.
  2059 | D:4      | Reached XP level 5. HP: 33/33 MP: 5/5
  2285 | D:4      | Found a basalt altar of Yredelemnul.
  2309 | D:4      | Noticed a phantom
  2327 | D:4      | Killed a phantom
  2327 | D:4      | Reached XP level 6. HP: 39/39 MP: 6/6
  2356 | D:4      | Mangled by a gnoll

Skill      XL: |  1  2  3  4 |
---------------+-------------+-----
Axes           | 3 4 |  4.8
Armour         | 3 |  3.9
Fighting       | 4 |  4.6
Dodging        | |  1.5

Action                   |  1- 3 |  4- 6 || total
-------------------------+-------+-------++-------
Melee: Hand axe          |    95 |     5 ||   100
       War axe           |       |    81 ||    81
Invok: Berserk           |     2 |     1 ||     3
  Use: Scroll            |     5 |     4 ||     9
       Potion            |       |     3 ||     3
  Eat: Chunk             |     2 |     6 ||     8
Armor: Animal skin       |    36 |    32 ||    68
Dodge: Dodged            |    77 |    82 ||   159
